 Dungeon Crawl Stone Soup version 0.23.2-30-g0e89c35649 (webtiles) character file.

Game seed: 6736353914189432401

77 DungeonDestroyer the Charmwright (level 4, -4/38 HPs)
             Began as a Gnoll Skald on June 8, 2019.
             Slain by a wyvern (12 damage)
             ... on level 3 of the Dungeon on June 21, 2019.
             The game lasted 00:06:53 (2095 turns).

DungeonDestroyer the Charmwright (Gnoll Skald)      Turns: 2095, Time: 00:06:54

Health: -4/38      AC:  5    Str: 14    XL:     4   Next: 33%
Magic:  11/11      EV: 15    Int: 16    God:
Gold:   128        SH:  0    Dex: 18    Spells: 2/13 levels left

rFire    . . .     SeeInvis .   b - +0 blowgun
rCold    . . .     Gourm    .   (no shield)
rNeg     . . .     Faith    .   l - +0 steam dragon scales
rPois    .         Spirit   .   (no helmet)
rElec    .         Reflect  .   (no cloak)
rCorr    .         Harm     .   (no gloves)
MR       .....                  (no boots)
Stlth    ++........             (no amulet)
HPRegen  0.12/turn              m - +4 ring of dexterity
MPRegen  0.12/turn              (no ring)

@: no status effects
A: distributed training, fangs 1, strong nose
a: no special abilities


You were on level 3 of the Dungeon.
You were not hungry.

You visited 1 branch of the dungeon, and saw 3 of its levels.

You collected 128 gold pieces.

Inventory:

Hand Weapons
 a - a +0 hand axe
 b - a +0 blowgun (weapon)
Missiles
 e - 20 arrows
 g - 36 sling bullets
 h - 15 poisoned needles (quivered)
Armour
 l - +0 steam dragon scales (worn)
Jewellery
 m - a +4 ring of dexterity (left hand)
Scrolls
 i - 2 scrolls of identify
Potions
 j - 2 potions of curing
Comestibles
 c - 4 chunks of flesh
 d - 2 rations


   Skills:
 + Level 4.6 Fighting
 + Level 1.1 Short Blades
 + Level 1.1 Long Blades
 + Level 4.6 Axes
 + Level 1.1 Maces & Flails
 + Level 1.1 Polearms
 + Level 1.1 Staves
 + Level 1.1 Slings
 + Level 1.1 Bows
 + Level 1.1 Crossbows
 + Level 1.1 Throwing
 + Level 2.7 Armour
 + Level 4.6 Dodging
 + Level 1.1 Stealth
 + Level 1.1 Shields
 + Level 1.1 Unarmed Combat
 + Level 5.0 Spellcasting
 + Level 0.8 Conjurations
 + Level 0.8 Hexes
 + Level 5.4 Charms
 + Level 0.8 Summonings
 + Level 0.8 Necromancy
 + Level 0.8 Translocations
 + Level 0.8 Transmutations
 + Level 0.8 Fire Magic
 + Level 0.8 Ice Magic
 + Level 0.8 Air Magic
 + Level 0.8 Earth Magic
 + Level 0.8 Poison Magic
 + Level 1.2 Invocations
 + Level 1.1 Evocations


You had 2 spell levels left.
You knew the following spells:

 Your Spells              Type           Power        Failure   Level  Hunger
a - Infusion              Chrm           ###.         1%          1    None
b - Song of Slaying       Chrm           ###.....     2%          2    #......
c - Shroud of Golubria    Chrm/Tloc      ##........   6%          2    #......
d - Regeneration          Chrm/Necr      ##........   12%         3    ###....
e - Spectral Weapon       Hex/Chrm       ##......     12%         3    ###....

Your spell library contained the following spells:

 Spells                   Type           Power        Failure   Level  Hunger


Dungeon Overview and Level Annotations

Branches:
Dungeon (3/15)

Altars:


Innate Abilities, Weirdness & Mutations

Your experience applies equally to all skills.
You have very sharp teeth.
Your uncanny sense of smell can sniff out nearby items.


Message History

The wyvern completely misses you. The wyvern misses you.
Firing (i - inventory)
h - 17 poisoned needles (quivered)
Press: ? - help, Shift-Dir - straight line, f/p - wyvern
Aim: a wyvern (lightly wounded)
You shoot a poisoned needle. The poisoned needle hits the wyvern.
The wyvern is poisoned.
The wyvern is lightly wounded.
The wyvern misses you. The wyvern bites you.
Firing (i - inventory)
h - 16 poisoned needles (quivered)
Press: ? - help, Shift-Dir - straight line, f/p - wyvern
Aim: a wyvern (lightly wounded, poisoned)
You shoot a poisoned needle. The poisoned needle hits the wyvern.
The wyvern looks even sicker.
The wyvern is lightly wounded.
The wyvern barely misses you. The wyvern bites you!
* * * LOW HITPOINT WARNING * * *
The wyvern completely misses you. The wyvern misses you.
You see here a poisoned needle.
The wyvern bites you!
You die...

#.# #.# ###### ..#
#....# ..##########
#....# ..'........#
#....# ..########.#
#..=.# ....#
#.#####...(## ....#
#.##.(l.....#
....######.##.##@....#
..)........##(##.....#
...[.<.#.....(##.....#
..)....#.............#
########....#.#######..
#.........# ..
#.>.......# .
...(........'.. ∆
...##........###


You could see a wyvern.

Vanquished Creatures
  3 adders
  2 dart slugs (D:1)
  A leopard gecko (D:3)
  An orc (D:3)
  3 bats
  3 giant cockroaches (D:2)
  7 hobgoblins
  A quokka (D:2)
  2 frilled lizards (D:2)
  6 goblins
  6 kobolds
  6 rats
41 creatures vanquished.

Notes
Turn   | Place    | Note
-------+----------+-------------------------------------------
     0 | D:1      | DungeonDestroyer the Gnoll Skald began the quest for the
                  | Orb.
     0 | D:1      | Reached XP level 1. HP: 20/20 MP: 6/6
   182 | D:1      | Reached XP level 2. HP: 23/26 MP: 7/7
   679 | D:1      | Learned a level 2 spell: Song of Slaying
   682 | D:1      | Learned a level 2 spell: Shroud of Golubria
   730 | D:2      | Reached XP level 3. HP: 27/31 MP: 9/9
   764 | D:2      | Reached skill level 5 in Spellcasting
   837 | D:2      | Reached skill level 1 in Invocations
  1407 | D:2      | Reached skill level 1 in Short Blades
  1407 | D:2      | Reached skill level 1 in Long Blades
  1407 | D:2      | Reached skill level 1 in Maces & Flails
  1407 | D:2      | Reached skill level 1 in Polearms
  1407 | D:2      | Reached skill level 1 in Staves
  1407 | D:2      | Reached skill level 1 in Slings
  1407 | D:2      | Reached skill level 1 in Bows
  1407 | D:2      | Reached skill level 1 in Crossbows
  1407 | D:2      | Reached skill level 1 in Throwing
  1407 | D:2      | Reached skill level 1 in Stealth
  1407 | D:2      | Reached skill level 1 in Shields
  1407 | D:2      | Reached skill level 1 in Unarmed Combat
  1407 | D:2      | Reached skill level 1 in Evocations
  1562 | D:2      | Learned a level 3 spell: Regeneration
  1566 | D:2      | Learned a level 3 spell: Spectral Weapon
  1580 | D:3      | Reached XP level 4. HP: 38/38 MP: 11/11
  2073 | D:3      | Noticed a wyvern
  2095 | D:3      | Slain by a wyvern

Skill      XL: |  1  2  3 |
---------------+----------+-----
Spellcasting   | 5 |  5.0
Invocations    | 1 |  1.2
Short Blades   | 1 |  1.1
Long Blades    | 1 |  1.1
Maces & Flails | 1 |  1.1
Polearms       | 1 |  1.1
Staves         | 1 |  1.1
Slings         | 1 |  1.1
Bows           | 1 |  1.1
Crossbows      | 1 |  1.1
Throwing       | 1 |  1.1
Stealth        | 1 |  1.1
Shields        | 1 |  1.1
Unarmed Combat | 1 |  1.1
Evocations     | 1 |  1.1
Fighting       | |  4.6
Axes           | |  4.6
Armour         | |  2.7
Dodging        | |  4.6
Conjurations   | |  0.8
Hexes          | |  0.8
Charms         | |  5.4
Summonings     | |  0.8
Necromancy     | |  0.8
Translocations | |  0.8
Transmutations | |  0.8
Fire Magic     | |  0.8
Ice Magic      | |  0.8
Air Magic      | |  0.8
Earth Magic    | |  0.8
Poison Magic   | |  0.8

Action                   |  1- 3 |  4- 6 || total
-------------------------+-------+-------++-------
Melee: Hand axe          |   111 |     7 ||   118
       Bite              |    12 |     1 ||    13
       Dagger            |     1 |    15 ||    16
 Fire: Blowgun           |       |    17 ||    17
  Use: Scroll            |     6 |     1 ||     7
       Potion            |     1 |       ||     1
 Stab: Sleeping          |     2 |       ||     2
  Eat: Ration            |     1 |       ||     1
Armor: Leather armour    |     7 |       ||     7
       Ring mail         |    20 |     4 ||    24
       Steam dragon scal |       |     3 ||     3
Dodge: Dodged            |    62 |    33 ||    95
